 Dungeon Crawl Stone Soup version 0.29.0-7-g18a832c13a (webtiles) character file.

Game seed: 17703019338742318860

28 casanoah the Magician (level 3, -4/25 HPs)
             Began as a Djinni Hedge Wizard on Aug 31, 2022.
             Slain by Terence
             ... wielding a +0 hand axe of venom
              (5 damage)
             ... on level 2 of the Dungeon.
             The game lasted 00:03:19 (2114 turns).

casanoah the Magician (Djinni Hedge Wizard)         Turns: 2114, Time: 00:03:20

Health: -4/25      AC:  2    Str:  9    XL:     3   Next: 27%
Gold:   40         EV: 12    Int: 17    God:
                   SH:  0    Dex: 12

rFire   + + .      SeeInvis .   a - +0 dagger
rCold   x . .      Faith    .   (no shield)
rNeg    . . .      Spirit   .   b - +0 robe
rPois   ∞          Reflect  .   c - +0 hat
rElec   .          Harm     .   (no cloak)
rCorr   .          Rampage  .   (no gloves)
Will    .....                   (boots unavailable)
Stlth   ++........              (no amulet)
HPRegen 0.08/turn               (no ring)
MPRegen 0.00/turn               (no ring)

@: flying
A: sickness immunity, fire resistance 2, cold vulnerability 1, float, innate
caster, HP casting, extra vitality 1
a: no special abilities


You were on level 2 of the Dungeon.
You visited 1 branch of the dungeon, and saw 2 of its levels.

You collected 40 gold pieces.

Inventory:

Hand Weapons
 a - a +0 dagger (weapon)
Armour
 b - a +0 robe (worn)
 c - a +0 hat (worn)
Jewellery
 f - a ring of ice
 h - an amulet of faith
Wands
 i - a wand of roots (8)
Scrolls
 g - 2 scrolls of identify {unknown}
 j - a scroll of enchant weapon {unknown}
 k - 2 scrolls of magic mapping {unknown}
Potions
 d - 3 potions of lignification {unknown}
 e - a potion of curing {unknown}
 l - 2 potions of invisibility {unknown}
 m - a potion of cancellation {unknown}


   Skills:
 + Level 2.4 Dodging
 + Level 1.7 Stealth
 + Level 3.1 Spellcasting


You couldn't memorise any spells.
You knew the following spells:

 Your Spells              Type           Power      Damage    Failure   Level
a - Magic Dart            Conj           52%        1d5       4%          1
b - Blink                 Tloc           26%        N/A       8%          2
c - Call Imp              Summ           13%        N/A       8%          2
d - Slow                  Hex            52%        N/A       4%          1
e - Conjure Flame         Conj/Fire      13%        6-21      14%         3
f - Mephitic Cloud        Conj/Pois/Air  13%        N/A       14%         3
g - Summon Small Mammal   Summ           52%        N/A       4%          1
Your spell library was empty.

Dungeon Overview and Level Annotations

Branches:
Dungeon (2/15)

Altars:

Annotations:
D:2 Jessica, Terence


Innate Abilities, Weirdness & Mutations

You are immune to sickness and miasma.
You are immune to poison.
Your flesh is very heat resistant. (rF++)
You are vulnerable to cold. (rC-)
You float through the air rather than walking.
You learn spells naturally, not from books.
Your magical power is your life essence.
You have superior vitality. (+4 MHP)


Message History

Confirm with . or Enter, or press ? or * to list all spells.
Aiming: Magic Dart (safe; 4% risk of failure)
Press: ? - help, Shift-Dir - straight line, f/p - Terence
Aim: Terence, wielding a +0 hand axe of venom and wearing a +0 chain mail (severely wounded, 100% to hit)
The magic dart hits Terence.
Terence is almost dead.
Terence shouts, "Now you die!"
Casting: Magic Dart (safe; 4% risk of failure)
Confirm with . or Enter, or press ? or * to list all spells.
Aiming: Magic Dart (safe; 4% risk of failure)
Press: ? - help, Shift-Dir - straight line, f/p - Terence
Aim: Terence, wielding a +0 hand axe of venom and wearing a +0 chain mail (almost dead, 100% to hit)
The magic dart hits Terence.
Terence is almost dead.
Terence hits you with a +0 hand axe of venom.
Terence attacks as you move away! Terence closely misses you.
Casting: Magic Dart (safe; 4% risk of failure)
Confirm with . or Enter, or press ? or * to list all spells.
A beastly little devil appears in a puff of frigid air.
Your white imp says, "I'm here!"
Terence asks, "Do you want it fast or slow?"
Terence closely misses you.
You swap places.
Terence hits your white imp with a +0 hand axe of venom.
Your white imp hits Terence but does no damage.
Terence hits your white imp with a +0 hand axe of venom!
Your white imp dies!
Your white imp disappears in a puff of smoke!
Terence hits you with a +0 hand axe of venom!
Casting: Call Imp (safe; 8% risk of failure)
Confirm with . or Enter, or press ? or * to list all spells.
A beastly little devil appears in a puff of flame.
* * * LOW HITPOINT WARNING * * *
Terence hits you with a +0 hand axe of venom.
* * * LOW HITPOINT WARNING * * *
Terence closely misses your crimson imp.
Unknown command.
Terence attacks as you move away!
Terence hits you with a +0 hand axe of venom.
You die...

### ########
..#
#......#####
#.#
#.####......
####.###.#
#######
#........#
## #
#5##.#####
#. #.##@##.#
#. #....@..#
##### #.
####(.###
..... #.
##.#
#....... #.
#.#
#.......###.
#.#
#.<.......#.
#.#
#.......#.#.
#.#
..........
#.#
......#.#.
#.#
####.##...


You could see Terence (ally target) and a friendly crimson imp (summoned).

Vanquished Creatures
  2 ball pythons (D:2)
  An endoplasm (D:2)
  4 giant cockroaches
  A goblin (D:1)
  A hobgoblin (D:1)
  A quokka (D:2)
  3 frilled lizards
  4 kobolds
  2 rats
19 creatures vanquished.

Vanquished Creatures (collateral kills)
  2 worms (D:2)
2 creatures vanquished.

Grand Total: 21 creatures vanquished

Notes
Turn   | Place    | Note
-------+----------+-------------------------------------------
     0 | D:1      | casanoah the Djinni Hedge Wizard began the quest for the
                  | Orb.
     0 | D:1      | casanoah set off with the following spells memorised: Magic
                  | Dart, Blink, Call Imp, Slow, Conjure Flame, Mephitic Cloud.
     0 | D:1      | Reached XP level 1. HP: 15/15 MP: 0/0
   498 | D:1      | Found a faded altar of an unknown god.
   557 | D:1      | Reached XP level 2. HP: 20/21 MP: 0/0
  1042 | D:2      | Noticed Natasha
  1057 | D:2      | Noticed Jessica
  1603 | D:2      | Noticed Terence
  1635 | D:2      | Reached skill level 3 in Spellcasting
  1635 | D:2      | Reached XP level 3. HP: 8/25 MP: 0/0
  1635 | D:2      | Learned a level 1 spell: Summon Small Mammal
  2112 | D:2      | HP: 1/25 [Terence/+0 hand axe of venom (6)]
  2114 | D:2      | Slain by Terence

Illustrated notes

Levels and vault maps discovered:
D:1:      heliophobic_arrival_glass_houses, layout_rooms,
          ebering_ecumenical_altar_sacrificial
D:2:      layout_loops_cross, serial_shops, shop,
          nicolae_concentric_dashed_squares_mild, uniq_jessica, uniq_terence,
          uniq_natasha

Skill      XL: |  1  2 |
---------------+-------+-----
Spellcasting   | 3 |  3.1
Dodging        | |  2.4
Stealth        | |  1.7

Action                   || total
-------------------------++-------
Melee: Dagger            ||     1
 Cast: Magic Dart        ||    53
       Call Imp          ||     7
Armor: Robe              ||     5
Dodge: Dodged            ||    10
